 Dungeon Crawl Stone Soup version 0.21-a0-507-ga8f6b7a (webtiles) character file.

36250 Gildeon the Severer (level 13, -13/101 HPs)
             Began as a Minotaur Fighter on Nov 26, 2017.
             Was an Elder of Sif Muna.
             Killed from afar by a guardian serpent (14 damage)
             ... with a bolt of poison
             ... on level 1 of the Abyss on Nov 27, 2017.
             The game lasted 01:16:43 (16092 turns).

Gildeon the Severer (Minotaur Fighter)             Turns: 16092, Time: 01:16:45

Health: -13/101    AC: 21    Str: 18    XL:     13   Next: 52%
Magic:  0/19       EV:  6    Int:  9    God:    Sif Muna [****..]
Gold:   884        SH: 12    Dex: 11    Spells: 21/22 levels left

rFire    . . .     SeeInvis .   Z - +1 broad axe
rCold    . . .     Gourm    .   Q - +2 shield
rNeg     . . .     Faith    .   m - +3 plate armour
rPois    .         Spirit   +   X - +2 hat
rElec    .         Reflect  .   G - +1 cloak
rCorr    .         Harm     .   b - +2 pair of gloves
MR       .....                  g - +0 pair of boots
Stlth    ..........             z - amulet of guardian spirit
HPRegen  0.00/turn              o - ring of wizardry
MPRegen  0.16/turn              v - +3 ring of intelligence

@: lethally poisoned (-13 -> -38), non-regenerating, mildly diseased
A: retaliatory headbutt, hooves 1, horns 2, [blurry vision 2], [deformed body],
[deterioration 2], dopey 1, frail 1, [weak 2], wild magic 2
a: Divine Energy, Channel Magic, Forget Spell, Renounce Religion


You were on level 1 of the Abyss.
You worshipped Sif Muna.
Sif Muna was greatly pleased with you.
You were not hungry.

You visited 1 branch of the dungeon, and saw 15 of its levels.
You visited the Abyss 2 times.
You also visited: Ossuary.

You collected 1024 gold pieces.
You spent 140 gold pieces at shops.

Inventory:

Hand Weapons
 H - a +4 morningstar of freezing
 Z - a +1 broad axe (weapon)
Armour
 b - a +2 pair of gloves (worn)
 g - a +0 pair of boots (worn)
 m - a +3 plate armour (worn)
 G - a +1 cloak (worn)
 Q - a +2 shield (worn)
 X - a +2 hat (worn)
Magical Staves
 E - an uncursed staff of fire
 O - an uncursed staff of conjuration
 R - an uncursed staff of air
Jewellery
 o - a ring of wizardry (left hand)
 v - a +3 ring of intelligence (right hand)
 z - an amulet of guardian spirit (around neck)
 J - an uncursed ring of see invisible
Wands
 e - a wand of digging (12)
 q - a wand of clouds (5)
 t - a wand of disintegration (10)
 u - a wand of random effects (36)
 F - a wand of enslavement (16)
 I - a wand of flame (95)
 L - a wand of acid (7)
 M - a wand of iceblast (6)
Scrolls
 c - a scroll of fog
 h - 8 scrolls of remove curse
 i - a scroll of holy word
 x - 5 scrolls of blinking
 y - 8 scrolls of teleportation
 W - 12 scrolls of identify
Potions
 a - a potion of flight
 j - a potion of haste
 k - 12 potions of curing
 l - 4 potions of ambrosia
 n - 4 potions of brilliance
 r - 5 potions of invisibility
 s - 3 potions of cancellation
 w - 2 potions of magic
 C - 2 potions of berserk rage
 N - a potion of agility
 P - a potion of might
Books
 K - a book of Cantrips

   Spells                             Type                      Level
   a - Confusing Touch                Hexes                        1
   b - Animate Skeleton               Necromancy                   1
   c - Summon Small Mammal            Summoning                    1
   d - Apportation                    Translocation                1
 S - a book of Minor Magic

   Spells                             Type                      Level
   a - Magic Dart                     Conjuration                  1
   b - Blink                          Translocation                2
   c - Call Imp                       Summoning                    2
   d - Slow                           Hexes                        2
   e - Conjure Flame                  Conjuration/Fire             3
   f - Mephitic Cloud                 Conjuration/Poison/Air       3
 T - a Necronomicon

   Spells                             Type                      Level
   a - Haunt                          Necromancy/Summoning         7
   b - Borgnjor's Revivification      Necromancy                   8
   c - Death's Door                   Charms/Necromancy            8
   d - Infestation                    Necromancy                   8
   e - Necromutation                  Transmutation/Necromancy     8
Miscellaneous
 A - a crystal ball of energy
Comestibles
 f - 9 bread rations
 p - 7 meat rations
 B - 14 fruits


   Skills:
 - Level 10.0 Fighting
 - Level 16.0 Axes
 - Level 5.0 Staves
 - Level 5.1 Throwing
 + Level 8.9 Armour
 - Level 6.1 Dodging
 - Level 5.6 Shields
 - Level 5.2 Spellcasting
 - Level 5.1 Conjurations
 - Level 5.2 Invocations
 - Level 5.0 Evocations


You had 21 spell levels left.
You knew the following spells:

 Your Spells              Type           Power        Failure   Level  Hunger
a - Magic Dart            Conj           ###.         77%         1    #......


Dungeon Overview and Level Annotations

Branches:
Dungeon (15/15)            Temple (0/1) D:4            Lair (0/6) D:11
    Orc (0/2) D:10         Vaults (0/5) D:14
 Depths: D:15

Altars:
Ashenzari
Elyvilon
Gozag
Okawaru
Ru
Sif Muna
Wu Jian
Zin

Shops:
D:6 %   D:10 *:   D:11 (   D:13 *

Annotations:
D:9 3 runed doors
D:15 Sonja


Innate Abilities, Weirdness & Mutations

You reflexively headbutt those who attack you in melee.
You have a pair of horns on your head.
You have large cloven feet.
You are dopey. (Int -2)
You are frail. (-10% HP)
Your spells are harder to cast, but more powerful.
[Scrolls take you longer to read.]
[Armour fits poorly on your strangely shaped body.]
[Your body often deteriorates upon taking damage.]
[You are very weak. (Str -4)]


Message History

There are monsters nearby!
You feel sick.
You feel sick.
You block the guardian serpent's attack.
You feel sick. The guardian serpent hits you.
* * * LOW HITPOINT WARNING * * *
You closely miss the wretched star.
The wretched star is lightly damaged.
You barely miss the guardian serpent.
The naga mage hits you from afar with a halberd!
* * * LOW HITPOINT WARNING * * *
The guardian serpent hits you!
* * * LOW HITPOINT WARNING * * *
The naga mage hits you but does no damage.
The wretched star pulses with an eldritch light!
You feel weaker. x2
The guardian serpent coils itself and waves its upper body at you.
The bolt of poison hits you!
You are more poisoned.
You die...

.#..###. ....
#..#. ##...#..
###. .. ... #
..##..# #####. .
.###..### ...
.#ยง.#.#.##### .
#.......#..#.###..
##.##($5N##.......
# ..#.#*S........
....#...#@........
..#.
#...####.#.#.. .
## ##.. .###..
#..# ... ..... ...
#...# .# ### .


You could see a wretched star, a guardian serpent, a naga mage and a quasit.

Vanquished Creatures
  2 hydras
  8 two-headed ogres
  2 centaur warriors (D:14)
  2 dancing weapons (D:14)
  4 unseen horrors
  Pikel (D:6)
  A harpy (shapeshifter) (D:13)
  The ghost of Dustman the Skirmisher, a novice HuMo of Ru (D:5)
  2 deep elf magi (D:10)
  7 ugly things
  A cyclops (D:14)
  2 manticores
  2 gargoyles (D:13)
  3 komodo dragons
  2 freezing wraiths
  An efreet (D:14)
  A kobold demonologist (D:13)
  A tengu conjurer (D:14)
  4 trolls
  A jumping spider (shapeshifter) (D:14)
  A hornet (D:11)
  A polar bear (shapeshifter) (D:10)
  A snapping turtle (D:13)
  A hippogriff (D:13)
  8 slime creatures
  2 wraiths
  A vampire (D:12)
  2 shadows
  12 yaks
  A steam dragon (D:12)
  2 basilisks
  10 vampire mosquitoes
  Menkaure (D:6)
  3 hungry ghosts
  A soldier ant (D:15)
  A naga (D:8)
  2 insubstantial wisps (D:12)
  Duvessa (D:6)
  A swamp drake (D:10)
  An ice beast (D:5)
  3 orc warriors
  2 slaves (D:6)
  3 phantoms
  6 ogres
  6 sky beasts
  2 eyes of draining
  A boggart (D:14)
  3 necrophages
  16 centaurs
  A crocodile (D:13)
  2 big kobolds
  8 bullfrogs
  A gnoll sergeant (D:9)
  Dowan (D:6)
  4 scorpions
  9 killer bees
  4 wights (D:6)
  3 centaur zombies
  8 crimson imps
  A bullfrog zombie (D:13)
  2 quasits
  An iron imp (D:10)
  13 orc wizards
  5 orc priests
  Crazy Yiuf (D:6)
  5 hounds
  A jelly (D:6)
  2 centaur skeletons (D:10)
  Natasha (thrice) (D:3)
  3 iguanas
  3 worker ants
  A big kobold zombie (Ossuary)
  2 hound zombies
  A hound skeleton (D:4)
  8 mummies (Ossuary)
  2 worker ant zombies
  17 gnolls
  8 adders
  3 shadow imps
  2 white imps
  2 oozes (D:1)
  An adder zombie (D:8)
  2 worms (D:4)
  5 leopard geckos
  31 orcs
  2 bats (D:2)
  2 giant cockroaches
  3 gnoll zombies (Ossuary)
  2 goblins
  4 hobgoblins
  9 jackals
  6 quokkas
  3 ball pythons
  9 frilled lizards
  A hobgoblin zombie (Ossuary)
  A jackal skeleton (D:4)
  A jackal zombie (D:7)
  12 kobolds
  2 kobold zombies (Ossuary)
  An orc zombie (Ossuary)
  A quokka zombie (D:5)
  5 rats
373 creatures vanquished.

Vanquished Creatures (collateral kills)
  An orc wizard (D:10)
  An orc (D:13)
2 creatures vanquished.

Vanquished Creatures (others)
  A slave (D:6)
  A scorpion (D:6)
  An orc wizard (D:13)
3 creatures vanquished.

Grand Total: 378 creatures vanquished

Notes
Turn   | Place    | Note
-------+----------+-------------------------------------------
     0 | D:1      | Gildeon the Minotaur Fighter began the quest for the Orb.
     0 | D:1      | Reached XP level 1. HP: 19/19 MP: 0/0
   142 | D:1      | Reached skill level 3 in Axes
   253 | D:1      | Reached XP level 2. HP: 24/26 MP: 1/1
   512 | D:1      | Reached skill level 4 in Axes
   729 | D:2      | Reached XP level 3. HP: 28/31 MP: 2/2
  1027 | D:2      | Reached skill level 5 in Axes
  1267 | D:2      | Found an opulent altar of Gozag.
  1508 | D:3      | Noticed Natasha
  1516 | D:3      | Killed Natasha
  1516 | D:3      | Reached XP level 4. HP: 36/39 MP: 3/3
  1786 | D:3      | Noticed Natasha
  1790 | D:3      | Killed Natasha
  1790 | D:3      | Reached skill level 6 in Axes
  1812 | D:3      | Noticed Natasha
  1823 | D:3      | Killed Natasha
  1823 | D:3      | Reached XP level 5. HP: 40/45 MP: 4/4
  1971 | D:3      | Found a deep blue altar of Sif Muna.
  1979 | D:3      | Became a worshipper of Sif Muna the Loreminder
  2333 | D:4      | Found an iron altar of Okawaru.
  2609 | D:4      | Reached skill level 7 in Axes
  2647 | D:4      | Found a staircase to the Ecumenical Temple.
  3044 | D:5      | Entered Level 5 of the Dungeon
  3047 | D:5      | Reached XP level 6. HP: 49/51 MP: 1/5
  3050 | D:5      | Reached skill level 8 in Axes
  3147 | D:5      | Found a glowing silver altar of Zin.
  3147 | D:5      | Found a white marble altar of Elyvilon.
  3147 | D:5      | Found an ornate altar of the Wu Jian Council.
  3154 | D:5      | Found a sacrificial altar of Ru.
  3416 | D:5      | Noticed an ice beast
  3422 | D:5      | Killed an ice beast
  3422 | D:5      | Reached skill level 9 in Axes
  3422 | D:5      | Reached XP level 7. HP: 57/57 MP: 6/6
  3545 | D:5      | Noticed Dustman's ghost (novice HuMo)
  3554 | D:5      | Killed Dustman's ghost
  3554 | D:5      | Reached skill level 11 in Axes
  3554 | D:5      | Reached XP level 8. HP: 58/64 MP: 4/7
  3996 | D:6      | Reached skill level 12 in Axes
  4156 | D:6      | Found a sand-covered staircase.
  4173 | Ossuary  | Entered an ossuary
  4494 | D:6      | Noticed Pikel
  4511 | D:6      | Killed Pikel
  4511 | D:6      | Reached skill level 13 in Axes
  4511 | D:6      | Reached XP level 9. HP: 33/70 MP: 4/8
  4806 | D:6      | Noticed Menkaure
  4811 | D:6      | Killed Menkaure
  4811 | D:6      | Reached skill level 14 in Axes
  4958 | D:6      | Found a runed door.
  4962 | D:6      | Noticed Crazy Yiuf
  4968 | D:6      | Killed Crazy Yiuf
  5189 | D:6      | Found Sittigu's Food Boutique.
  5195 | D:6      | Noticed Dowan
  5204 | D:6      | Noticed Duvessa
  5209 | D:6      | Killed Dowan
  5222 | D:6      | Killed Duvessa
  5538 | D:7      | Reached * piety under Sif Muna
  5904 | D:8      | Reached skill level 15 in Axes
  7026 | D:8      | Reached skill level 16 in Axes
  7409 | D:9      | Gained mutation: Your spells are a little harder to cast, but a little more powerful. [potion of mutation]
  7409 | D:9      | Gained mutation: Your spells are harder to cast, but more powerful. [potion of mutation]
  7488 | D:9      | Reached XP level 10. HP: 80/80 MP: 6/9
  7683 | D:9      | Found a runed door.
  7683 | D:9      | Noticed a deep elf mage
  7683 | D:9      | Noticed a deep troll
  7683 | D:9      | Noticed a two-headed ogre
  7686 | D:9      | Found a runed door.
  7702 | D:9      | Reached skill level 5 in Fighting
  7719 | D:9      | Noticed a manticore
  7726 | D:9      | Reached skill level 5 in Armour
  7730 | D:9      | Killed a manticore
  7788 | D:9      | Found a runed door.
  7860 | D:9      | Noticed a brown ugly thing
  7865 | D:9      | Killed a brown ugly thing
  7865 | D:9      | Reached skill level 5 in Shields
  8016 | D:9      | Upgraded the game from 0.21-a0-504-g2eda330 to 0.21-a0-507-ga8f6b7a
  8205 | D:10     | Entered Level 10 of the Dungeon
  8223 | D:10     | Reached skill level 1 in Dodging
  8338 | D:10     | Noticed a two-headed ogre
  8348 | D:10     | Killed a two-headed ogre
  8364 | D:10     | Noticed a two-headed ogre
  8372 | D:10     | Killed a two-headed ogre
  8477 | D:10     | Found Ucsaegop's Assorted Antiques.
  8487 | D:10     | Bought a scroll of identify for 62 gold pieces
  8487 | D:10     | Bought a scroll of identify for 62 gold pieces
  8514 | D:10     | Found Wyutu's Book Shop.
  8573 | D:10     | Reached skill level 1 in Invocations
  8652 | D:10     | Found a staircase to the Orcish Mines.
  8773 | D:10     | Reached XP level 11. HP: 87/88 MP: 9/11
  8780 | D:10     | Gained mutation: You are dopey. (Int -2) [mutagenic meat]
  8782 | D:10     | Gained mutation: You are frail. (-10% HP) [mutagenic meat]
  8783 | D:10     | Gained mutation: You have large cloven feet. [mutagenic meat]
  9102 | D:10     | Noticed a deep elf mage
  9107 | D:10     | Killed a deep elf mage
  9244 | D:10     | Noticed a deep elf mage
  9247 | D:10     | Killed a deep elf mage
  9353 | D:11     | Found a staircase to the Lair.
  9359 | D:11     | Reached skill level 5 in Invocations
  9376 | D:11     | Reached skill level 1 in Evocations
  9444 | D:11     | Noticed a four-headed hydra
  9458 | D:11     | Killed a four-headed hydra
  9581 | D:11     | Found Pomeucid's Weapon Emporium.
  9854 | D:11     | Found a shattered altar of Ashenzari.
  9903 | D:11     | Reached skill level 5 in Evocations
  9910 | D:11     | Reached skill level 1 in Throwing
 10564 | D:12     | Reached skill level 5 in Throwing
 11006 | D:12     | Reached skill level 1 in Spellcasting
 11040 | D:12     | Learned a level 1 spell: Magic Dart
 11068 | D:12     | Reached ** piety under Sif Muna
 11068 | D:12     | Reached XP level 12. HP: 77/84 MP: 12/14
 11975 | D:13     | Noticed a two-headed ogre
 11998 | D:13     | Killed a two-headed ogre
 12345 | D:13     | Found Zysk's Assorted Antiques.
 12381 | D:13     | Reached skill level 5 in Spellcasting
 12487 | D:13     | Bought a scroll labeled YFUEXA JOUG for 16 gold pieces
 12636 | D:13     | Noticed a two-headed ogre
 12648 | D:13     | Killed a two-headed ogre
 12648 | D:13     | Reached skill level 1 in Conjurations
 12780 | D:13     | Noticed a two-headed ogre
 12789 | D:13     | Killed a two-headed ogre
 12789 | D:13     | Reached *** piety under Sif Muna
 13166 | D:13     | Reached skill level 5 in Conjurations
 13711 | D:14     | Reached skill level 1 in Staves
 13785 | D:14     | Found a gate to the Vaults.
 13963 | D:14     | Reached skill level 5 in Staves
 13981 | D:14     | Noticed a centaur warrior
 13994 | D:14     | Killed a centaur warrior
 13994 | D:14     | Reached XP level 13. HP: 91/91 MP: 8/19
 14006 | D:14     | Reached **** piety under Sif Muna
 14236 | D:14     | Noticed Sonja
 15001 | D:14     | Reached skill level 10 in Fighting
 15318 | D:15     | Entered Level 15 of the Dungeon
 15901 | D:15     | Cast into level 1 of the Abyss (Sonja)
 16024 | D:15     | Escaped the Abyss
 16035 | D:15     | Cast into level 1 of the Abyss (Sonja)
 16059 | Abyss:1  | Found a corrupted altar of Lugonu.
 16092 | Abyss:1  | HP: 1/101 [guardian serpent (7)]
 16092 | Abyss:1  | Killed from afar by a guardian serpent

Vault maps used:
D:1:      dpeg_arrival_more_subterranean_lakeside_camping,
          minmay_strange_pillars
D:2:      nicolae_gozag_seed_capital
D:3:      led_sif_pool, first_bread, serial_bayou_crossing, uniq_natasha
D:4:      old_standard_altar, minmay_temple_entry_junction, minmay_ruptured
D:5:      nicolae_overflow_quartered_altars
D:6:      serial_shops, nicolae_shop_waterfront,
          lightli_ossuary_entry_decrepit_ruins, uniq_crazy_yiuf_cottage,
          uniq_menkaure, uniq_duvessa, uniq_pikel
D:7:      grunt_ogre_cave, roderic_serpentine_path
D:8:      serial_co_window_serial, co_window_paths_a,
          co_window_of_opportunity_a, co_window_of_opportunity_a,
          co_window_corner_a, co_window_of_opportunity_a, co_window_corner_a,
          co_window_corner_a, co_window_corner_b, co_window_2corner,
          co_window_cross_2, co_window_broadway_a, co_window_4corner_a,
          glass_columns_a, glass_columns_c, glass_columns_b
D:9:      minmay_the_grid_triangle_9x9_rhombus_thin_mashed
D:10:     orc_0_dummy, serial_shops, shop, shop, minivault_25_ag,
          hangedman_minor_magic
D:11:     lair_entry_dummy, serial_shops, shop, basic_altar
D:12:     hangedman_misty_isle
D:13:     wad_crossroads, serial_shops, nicolae_shop_behind_doors
D:14:     erik_vaults_1, minmay_holes, uniq_sonja
D:15:     hangedman_depths_entry_try_elsewhere_first, uniq_urug
Ossuary:  ossuary_tomb_3

Skill      XL: |  1  2  3  4  5  6  7  8  9 10 11 12 13 |
---------------+----------------------------------------+-----
Axes           | 3 4 5 6 7 9 11 13 16 | 16.0
Fighting       | 4 5 10 | 10.0
Armour         | 7 8 |  8.9
Shields        | 5 |  5.6
Dodging        | 6 |  6.1
Invocations    | 2 5 |  5.2
Evocations     | 5 |  5.0
Throwing       | 5 |  5.1
Spellcasting   | 2 5 |  5.2
Conjurations   | 5 |  5.1
Staves         | 5 |  5.0

Action                   |  1- 3 |  4- 6 |  7- 9 | 10-12 | 13-15 || total
-------------------------+-------+-------+-------+-------+-------++-------
Melee: War axe           |    87 |   123 |   278 |   252 |       ||   740
       Headbutt          |     9 |    17 |    41 |   125 |    40 ||   232
       Broad axe         |       |       |       |   369 |   193 ||   562
       Morningstar       |       |       |       |     8 |     3 ||    11
       Staff             |       |       |       |    10 |       ||    10
Throw: Tomahawk          |       |       |     8 |    59 |       ||    67
       Throwing net      |       |       |       |     3 |       ||     3
 Cast: Magic Dart        |       |       |       |    13 |       ||    13
Evoke: Wand              |       |       |    15 |    29 |     3 ||    47
  Use: Scroll            |    10 |     9 |     9 |    12 |     1 ||    41
       Potion            |     1 |       |     4 |     9 |       ||    14
 Stab: Distracted        |       |       |       |       |     1 ||     1
  Eat: Chunk             |     2 |     2 |     3 |    10 |       ||    17
       Bread ration      |       |     1 |     3 |     3 |     2 ||     9
       Royal jelly       |       |       |       |     2 |       ||     2
Armor: Plate armour      |    64 |    68 |   122 |   343 |   181 ||   778
       Scale mail        |     2 |       |       |       |       ||     2
Dodge: Dodged            |    13 |     8 |    21 |   149 |    73 ||   264
Block: Shield            |    59 |    56 |    97 |   373 |   163 ||   748

Table legend:
 A = Spawn XP
 B = Non-spawn XP
 C = Spawn XP percentage of total XP
 D = Spawn monster count
 E = Non-spawn monster count
 F = Spawn count percentage of total count
 G = Total turns spent on level
                    A         B        C        D         E        F      G
               +---------+---------+-------+---------+---------+-------+---------
         Total |      10 |   51777 |   0.0 |       1 |     372 |   0.3 | 16092
               +---------+---------+-------+---------+---------+-------+---------
           D:1 |       0 |      31 |   0.0 |       0 |      14 |   0.0 |   649
           D:2 |       0 |      56 |   0.0 |       0 |      12 |   0.0 |   799
           D:3 |       0 |     130 |   0.0 |       0 |      17 |   0.0 |   867
           D:4 |       0 |     160 |   0.0 |       0 |      16 |   0.0 |   788
           D:5 |       0 |    1234 |   0.0 |       0 |      23 |   0.0 |   848
           D:6 |       0 |    2128 |   0.0 |       0 |      37 |   0.0 |  1259
           D:7 |       0 |     122 |   0.0 |       0 |       2 |   0.0 |   426
           D:8 |       0 |    1206 |   0.0 |       0 |      29 |   0.0 |  1368
           D:9 |       0 |    3078 |   0.0 |       0 |      23 |   0.0 |   998
          D:10 |       0 |    4834 |   0.0 |       0 |      35 |   0.0 |  1147
          D:11 |       0 |    5055 |   0.0 |       0 |      36 |   0.0 |  1075
          D:12 |       0 |    4300 |   0.0 |       0 |      27 |   0.0 |  1296
          D:13 |       0 |   11484 |   0.0 |       0 |      42 |   0.0 |  1953
          D:14 |       0 |   16141 |   0.0 |       0 |      39 |   0.0 |  2126
          D:15 |       0 |    1640 |   0.0 |       0 |       4 |   0.0 |   110
       Abyss:1 |      10 |       0 | 100.0 |       1 |       0 | 100.0 |   180
       Ossuary |       0 |     178 |   0.0 |       0 |      16 |   0.0 |   203
               +---------+---------+-------+---------+---------+-------+---------
